 Adventure DCSS version bcrawl-1.19.2-6-g6a88ae04c9 (webtiles) character file.

Game seed: 1171129858859136812

0 pasperui the Ducker (level 1, -6/23 HPs)
             Began as a Gnoll Reaver on Jan 3, 2020.
             Was an Initiate of Vehumet.
             Mangled by a worm (9 damage)
             ... on level 2 of the Dungeon.
             The game lasted 00:02:59 (1317 turns).

pasperui the Ducker (Gnoll Reaver)                  Turns: 1317, Time: 00:03:00

Health: -6/23      AC:  5    Str: 14    XL:     1   Next: 10%
Magic:  6/6        EV: 15    Int: 16    God:    Vehumet [......]
Gold:   53         SH:  1    Dex: 13    Spells: 9/10 levels left
                                        Lives:  0   Deaths: 2

rFire    . . .     SeeInvis .   a - +0 long sword
rCold    . . .     Gourm    .   (no shield)
rNeg     . . .     Faith    .   b - +0 steam dragon scales
rPois    .         Spirit   .   (no helmet)
rElec    .         Reflect  .   (no cloak)
rCorr    .         Harm     .   (no gloves)
MR       .....                  (no boots)
Stlth    +.........             (no amulet)
HPRegen  0.07/turn              (no ring)
MPRegen  0.10/turn              (no ring)

@: no status effects
A: distributed training, fangs 1, strong nose
a: Renounce Religion


You were on level 2 of the Dungeon.
You worshipped Vehumet.
Vehumet was noncommittal.
You were not hungry.

You visited 1 branch of the dungeon, and saw 2 of its levels.

You collected 53 gold pieces.

Inventory:

Hand Weapons
 a - a +0 long sword (weapon)
 j - a +0 dagger
 k - a +0 spear
Missiles
 e - 204 stones (quivered)
 h - 126 javelins
 i - 177 sling bullets
Armour
 b - +0 steam dragon scales (worn)
Scrolls
 d - a scroll of immolation
 l - 2 scrolls of teleportation {unknown}
 m - a scroll of enchant armour {unknown}
Potions
 c - 2 potions of haste
 n - a potion of magic {unknown}
Comestibles
 f - 3 rations {!d}


   Skills:
 + Level 6.5 Fighting
 + Level 0.6 Short Blades
 + Level 6.5 Long Blades
 + Level 0.6 Axes
 + Level 0.6 Maces & Flails
 + Level 0.6 Polearms
 + Level 0.6 Staves
 + Level 0.6 Slings
 + Level 0.6 Bows
 + Level 0.6 Crossbows
 + Level 0.6 Throwing
 + Level 0.6 Armour
 + Level 6.5 Dodging
 + Level 0.6 Stealth
 + Level 0.6 Shields
 + Level 0.6 Unarmed Combat
 + Level 5.0 Spellcasting
 + Level 0.4 Conjurations
 + Level 0.4 Hexes
 + Level 0.4 Charms
 + Level 0.4 Summonings
 + Level 0.4 Necromancy
 + Level 0.4 Translocations
 + Level 0.4 Transmutations
 + Level 0.4 Fire Magic
 + Level 0.4 Ice Magic
 + Level 0.4 Air Magic
 + Level 0.4 Earth Magic
 + Level 0.4 Poison Magic
 + Level 0.8 Invocations
 + Level 0.6 Evocations


You had 9 spell levels left.
You knew the following spells:

 Your Spells              Type           Power        Failure   Level  Hunger
a - Sting                 Conj/Pois      #...         13%         1    None

Your spell library contained the following spells:

 Spells                   Type           Power        Failure   Level  Hunger
 Iskenderun's Battlesphe  Conj/Chrm      #.......     98%         5    ######.


Dungeon Overview and Level Annotations

Branches:
Dungeon (2/12)

Altars:
Gozag

Annotations:
D:2 Terence


Innate Abilities, Weirdness & Mutations

Your experience applies equally to all skills.
You have very sharp teeth.
Your uncanny sense of smell can sniff out nearby items.


Message History

The worm misses you. The worm bites you but does no damage.
The worm misses you. The worm misses you.
The worm bites you but does no damage. The worm bites you.
* * * LOW HITPOINT WARNING * * *
The worm misses you. The worm misses you.
The worm bites you but does no damage. The worm bites you.
* * * LOW HITPOINT WARNING * * *
The worm bites you.
* * * LOW HITPOINT WARNING * * *
The worm completely misses you. The worm barely misses you.
The worm barely misses you. The worm misses you. The worm bites you!
You die...

### ∆ ..#
#.# #.# #.#
# #.#
#.#####w#
#......@#
####....####
#..!....+
#....####
.........#
#.###.###.#
#.# .# ..#
.# ... .#


You could see a worm.

Vanquished Creatures
  A worm (D:1)
  3 leopard geckos (D:1)
  2 giant cockroaches (D:1)
  4 goblins (D:1)
  2 hobgoblins (D:1)
  4 bats
  2 frilled lizards (D:1)
  A kobold (D:1)
  4 rats (D:1)
23 creatures vanquished.

Notes
Turn   | Place    | Note
-------+----------+-------------------------------------------
     0 | D:1      | pasperui the Gnoll Reaver began the quest for the Orb.
     0 | D:1      | Reached XP level 1. HP: 23/23 MP: 6/6
   218 | D:1      | Reached XP level 2. HP: 26/29 MP: 7/7
   638 | D:1      | Reached XP level 3. HP: 35/35 MP: 9/9
   744 | D:1      | Reached skill level 5 in Spellcasting
   986 | D:2      | Found an opulent altar of Gozag.
  1005 | D:2      | Reached * piety under Vehumet
  1005 | D:2      | Offered knowledge of Sting by Vehumet.
  1013 | D:2      | Noticed Terence
  1207 | D:1      | Learned a level 1 spell: Sting
  1217 | D:2      | Blown up by Terence
  1218 | D:2      | Reached XP level 2. HP: -3/29 MP: 6/8
  1257 | D:2      | HP: 1/29 [kobold/+0 dagger (2)]
  1263 | D:2      | Slain by a kobold
  1264 | D:2      | Reached XP level 1. HP: 0/23 MP: 6/6
  1317 | D:2      | Mangled by a worm

Skill      XL: |  1  2  3 |
---------------+----------+-----
Spellcasting   | 5 |  5.0
Fighting       | |  6.5
Short Blades   | |  0.6
Long Blades    | |  6.5
Axes           | |  0.6
Maces & Flails | |  0.6
Polearms       | |  0.6
Staves         | |  0.6
Slings         | |  0.6
Bows           | |  0.6
Crossbows      | |  0.6
Throwing       | |  0.6
Armour         | |  0.6
Dodging        | |  6.5
Stealth        | |  0.6
Shields        | |  0.6
Unarmed Combat | |  0.6
Conjurations   | |  0.4
Hexes          | |  0.4
Charms         | |  0.4
Summonings     | |  0.4
Necromancy     | |  0.4
Translocations | |  0.4
Transmutations | |  0.4
Fire Magic     | |  0.4
Ice Magic      | |  0.4
Air Magic      | |  0.4
Earth Magic    | |  0.4
Poison Magic   | |  0.4
Invocations    | |  0.8
Evocations     | |  0.6

Action                   || total
-------------------------++-------
Melee: Long sword        ||    75
       Bite              ||     9
 Cast: Sting             ||     3
 Stab: Sleeping          ||     4
  Eat: Chunk             ||     1
Armor: Steam dragon scal ||    32
Dodge: Dodged            ||   128
Block: Other             ||     6
